 Dungeon Crawl Stone Soup version 0.27.1-34-g3ba077fa99 (webtiles) character file.

Game seed: 16445845037659361871

3818 Sharkman1231 the Carver (level 9, -1/108 HPs)
             Began as a Demonspawn Air Elementalist on Jan 18, 2022.
             Was a Believer of Makhleb.
             Slain by Harold (20 damage)
             ... on level 7 of the Dungeon.
             The game lasted 00:11:57 (8103 turns).

Sharkman1231 the Carver (DsAE)                      Turns: 8103, Time: 00:11:57

Health: -1/108     AC: 24    Str:  9    XL:     9   Next: 97%
Magic:  4/13       EV:  2    Int: 16    God:    Makhleb [**....]
Gold:   479        SH:  0    Dex: 17    Spells: 11/14 levels left

rFire    . . .     SeeInvis .   a - +7 scimitar
rCold    . . .     Faith    +   (no shield)
rNeg     + + +     Spirit   .   (armour currently unavailable)
rPois    +         Reflect  .   (helmet currently unavailable)
rElec    .         Harm     .   (cloak currently unavailable)
rCorr    .         Rampage  .   (gloves currently unavailable)
Will     .....     NoTele   +   (boots currently unavailable)
Stlth    ++........             p - amulet of faith
HPRegen  0.28/turn              e - ring of flight
MPRegen  0.13/turn              (no ring)

@: mighty, agile, tree-form, marked
A: stationary, stasis, torment immunity, boosted hp, (yellow scales 3), powered
by pain 2
a: Renounce Religion, Minor Destruction


You were on level 7 of the Dungeon.
You worshipped Makhleb.
Makhleb was pleased with you.
You were a tree.
You visited 2 branches of the dungeon, and saw 9 of its levels.

You collected 690 gold pieces.
You spent 211 gold pieces at shops.

Inventory:

Hand Weapons
 a - a +7 scimitar (weapon)
 r - a +2 hand axe of venom
 G - a +0 dagger of venom
Armour
 l - a +0 helmet (melded)
 q - the +0 scale mail of the Forgotten Eyes {Regen+ rCorr}
   (You took it off an orc on level 3 of the Dungeon)

   Regen:     It increases your rate of health regeneration.
   rCorr:     It protects you from acid and corrosion.
 s - a +1 pair of gloves (melded)
 u - a +0 ring mail of cold resistance
 v - a +2 leather armour of cold resistance (melded)
 A - the +2 pair of boots of Shadows and Fog (melded) {rC+ rN+ MP-9}
   (You acquired it on level 7 of the Dungeon)

   rC:        It protects you from cold.
   rN:        It protects you from negative energy.
   MP:        It affects your magic capacity (-9).
Magical Staves
 d - a staff of fire
 i - a staff of conjuration
Jewellery
 e - a ring of flight (left branch)
 p - an amulet of faith (around neck)
 E - an amulet of the acrobat
Wands
 B - a wand of flame (6)
Scrolls
 b - a scroll of teleportation
 c - a scroll of vulnerability {unknown}
 g - 2 scrolls of enchant armour {unknown}
 h - 3 scrolls of enchant weapon
 j - 2 scrolls of amnesia {unknown}
 m - 2 scrolls of immolation {unknown}
 o - 2 scrolls of blinking
 y - a scroll of fog {unknown}
 C - a scroll of fear {unknown}
 D - a scroll of silence {unknown}
Potions
 f - a potion of invisibility
 k - a potion of flight
 n - 4 potions of curing
 t - 4 potions of heal wounds
 w - a potion of berserk rage
 F - 2 potions of haste {unknown}


   Skills:
 + Level 7.6 Fighting
 + Level 8.9 Long Blades
 + Level 7.3 Dodging
 - Level 1.9 Stealth
 - Level 0.1 Unarmed Combat
 - Level 3.2 Spellcasting
 - Level 3.4 Conjurations
 - Level 4.6 Air Magic
 + Level 4.8 Invocations


You had 11 spell levels left.
You knew the following spells:

 Your Spells              Type           Power      Damage    Failure   Level
a - Shock                 Conj/Air       60%        1d6       3%          1
b - Static Discharge      Conj/Air       15%        N/A       5%          2

Your spell library contained the following spells:

 Spells                   Type           Power      Damage    Failure   Level
 Magic Dart               Conj           52%        1d5       4%          1
 Searing Ray              Conj           26%        3d4       7%          2
 Swiftness                Air            17%        N/A       9%          3
 Airstrike                Air            8%         N/A       26%         4
 Fulminant Prism          Conj/Hex       4%         3d6       65%         4


Dungeon Overview and Level Annotations

Branches:
Dungeon (8/15)             Temple (1/1) D:5
   Lair: D:8-11

Altars:
Ashenzari
Cheibriados
Dithmenos
Elyvilon
Fedhas
Gozag
Hepliaklqana
Kikubaaqudgha
Makhleb
Nemelex Xobeh
Okawaru
Qazlal
Ru
Sif Muna
Trog
Uskayaw
Vehumet
Wu Jian
Xom
Yredelemnul
Zin
The Shining One
Beogh

Shops:
D:3 ?   D:5 !

Annotations:
D:3 rozman's ghost, amateur DsNe
D:7 Harold


Innate Abilities, Weirdness & Mutations

You are a tree.
Your roots penetrate the ground, keeping you stationary.
You cannot be teleported.
You are immune to unholy pain and torment.
Your maximum health is greatly increased.
Your equipment is partially melded.
((You are completely covered in yellow scales. (AC +4, rCorr)))
You sometimes gain power by taking damage.


Message History

* * * LOW HITPOINT WARNING * * *
You focus on the pain.
You feel agile all of a sudden. A mysterious force pulls you upwards.
The hatch slams shut behind you.
Unknown command.
You feel much better. Harold barely misses you.
You barely miss Harold.
Harold is lightly wounded.
Harold hits you with a +0 battleaxe.
You slice Harold!!
Harold is moderately wounded.
Harold hits you with a +0 battleaxe!
* * * LOW HITPOINT WARNING * * *
You slash Harold!
Harold is heavily wounded.
Harold hits you with a +0 battleaxe.
* * * LOW HITPOINT WARNING * * *
Unknown command.
Really quaff the potion of lignification? [Y]es or [N]o only, please.
Really quaff the potion of lignification?
You turn into a tree.
Your +0 helmet melds into your body.
Your +1 pair of gloves melds into your body.
The +2 pair of boots of Shadows and Fog {rC+ rN+ MP-9} melds into your body.
Your +2 leather armour of cold resistance melds into your body.
You feel less resistant to cold.
Your roots penetrate the ground.
Harold barely misses you.
You riposte.
You slash Harold!
Harold is heavily wounded.
You slash Harold!
Harold is severely wounded.
Harold hits you with a +0 battleaxe.
* * * LOW HITPOINT WARNING * * *
You slash Harold!
Harold is severely wounded.
Harold hits you but does no damage.
Unknown command.
You barely miss Harold.
Harold is severely wounded.
Harold hits you with a +0 battleaxe!!
You die...

#.........##.###.#####.#
#................# #.#
########.........# #.#
#.........# #.#
#.........# #.#
#.........# #.#
#.........#####.#
#...............#
####.♣......########
#...@.......# ##
##...........# .#
#.........#### .#
#.######### .######
#.########### ......#
#.##........# ......#
#.##........# ......#
#.##........#


You could see Harold.

Vanquished Creatures
  A two-headed ogre (D:7)
  Prince Ribbit (D:7)
  A water moccasin (D:5)
  An orc warrior (D:7)
  A sky beast (D:6)
  3 ice beasts (D:7)
  2 necrophages
  An ogre (D:4)
  A phantom (D:5)
  A centaur (D:6)
  A kobold brigand (D:8)
  A bullfrog (D:6)
  3 scorpions
  A water moccasin zombie (D:6)
  An electric eel (D:7)
  9 wights
  2 howler monkeys
  4 hounds
  2 bullfrog zombies (D:6)
  3 centaur skeletons
  A centaur zombie (D:5)
  3 orc priests
  2 iguanas
  3 killer bee zombies
  3 gnolls (D:3)
  5 adders
  2 shadow imps (D:7)
  A white imp (D:7)
  A worm (D:2)
  30 orcs
  An endoplasm (D:1)
  8 giant cockroaches
  10 goblins
  3 hobgoblins
  3 jackals (D:3)
  4 quokkas
  6 ball pythons
  2 bats
  4 frilled lizards
  11 kobolds
  11 rats
154 creatures vanquished.

Notes
Turn   | Place    | Note
-------+----------+-------------------------------------------
     0 | D:1      | Sharkman1231 the Demonspawn Air Elementalist began the
                  | quest for the Orb.
     0 | D:1      | Reached XP level 1. HP: 13/13 MP: 3/3
   624 | D:1      | Gained mutation: You are partially covered in yellow
                  | scales. (AC +2) [demonic ancestry]
   624 | D:1      | Reached XP level 2. HP: 19/19 MP: 1/5
  1143 | D:1      | Found a faded altar of an unknown god.
  1452 | D:2      | Gained mutation: You sometimes gain a little power by
                  | taking damage. [demonic ancestry]
  1452 | D:2      | Reached XP level 3. HP: 22/24 MP: 0/6
  2160 | D:2      | Learned a level 2 spell: Static Discharge
  2548 | D:3      | Found Ceun's Magic Scroll Shoppe.
  2558 | D:3      | Found a runed translucent gate.
  2558 | D:3      | Found a runed translucent gate.
  2561 | D:3      | Found a runed translucent gate.
  2561 | D:3      | Noticed rozman's ghost (amateur DsNe)
  2562 | D:3      | Identified the +0 scale mail of the Forgotten Eyes {Regen+
                  | rCorr}
  2567 | D:3      | Reached XP level 4. HP: 19/31 MP: 3/7
  2650 | D:3      | Bought a scroll of identify for 28 gold pieces
  2650 | D:3      | Bought a scroll of noise for 14 gold pieces
  2742 | D:3      | Reached skill level 1 in Fighting
  3207 | D:3      | Gained mutation: You sometimes gain power by taking damage.
                  | [demonic ancestry]
  3207 | D:3      | Reached XP level 5. HP: 16/37 MP: 0/8
  4226 | D:4      | Noticed a necrophage
  4233 | D:4      | Killed a necrophage
  4234 | D:4      | Reached skill level 1 in Long Blades
  4234 | D:4      | Gained mutation: You are mostly covered in yellow scales.
                  | (AC +3) [demonic ancestry]
  4234 | D:4      | Reached XP level 6. HP: 39/44 MP: 8/10
  4274 | D:4      | Found an iron altar of Okawaru.
  4824 | D:5      | Entered Level 5 of the Dungeon
  4907 | D:5      | Found a staircase to the Ecumenical Temple.
  4923 | Temple   | Entered the Ecumenical Temple
  5150 | Temple   | Became a worshipper of Makhleb the Destroyer
  5417 | D:5      | Reached skill level 8 in Long Blades
  5417 | D:5      | Reached XP level 7. HP: 59/59 MP: 11/11
  5478 | D:5      | Gained mutation: You are completely covered in yellow
                  | scales. (AC +4, rCorr) [demonic ancestry]
  5478 | D:5      | Reached XP level 8. HP: 46/65 MP: 12/12
  5617 | D:5      | Found Nazur's Distillery.
  5625 | D:5      | Bought a potion of berserk rage for 65 gold pieces
  5625 | D:5      | Bought a potion of lignification for 39 gold pieces
  5625 | D:5      | Bought a potion of might for 52 gold pieces
  5625 | D:5      | Bought a potion of degeneration for 13 gold pieces
  5798 | D:5      | Reached skill level 1 in Invocations
  5980 | D:6      | Identified the +3 leather armour of the Desolation of Salt
                  | {Harm}
  6434 | D:6      | Reached * piety under Makhleb
  6765 | D:7      | Identified 2 scrolls of acquirement
  6770 | D:7      | Acquired 346 gold pieces
  6772 | D:7      | Acquired the +2 pair of boots of Shadows and Fog {rC+ rN+
                  | MP-9}
  6807 | D:7      | Reached XP level 9. HP: 70/70 MP: 4/13
  6838 | D:7      | Noticed Prince Ribbit
  6855 | D:7      | Killed Prince Ribbit
  7524 | D:8      | Noticed a two-headed ogre
  7655 | D:7      | Killed a two-headed ogre
  7752 | D:8      | Reached ** piety under Makhleb
  8073 | D:8      | Noticed Harold
  8103 | D:7      | Slain by Harold

Illustrated notes

Levels and vault maps discovered:
D:1:      giann_wishing_wells, layout_loops_corners,
          ebering_ecumenical_altar_box
D:2:      wander_river, layout_basic
D:3:      layout_loops_corners, biasface_ghost_orc_armoury, serial_shops,
          nicolae_shop_stone
D:4:      layout_rooms, kennysheep_okawaru_gauntlet
D:5:      layout_basic, minmay_temple_entry_glassed_door, serial_shops,
          nicolae_shop_temple_entry_statues_fountains
D:6:      layout_rooms, minmay_misc_feat_plants
D:7:      layout_basic, lightli_minifort, uniq_prince_ribbit1
D:8:      layout_layer_cave, serial_shops, shop_statue,
          minmay_misc_feat_hallway, uniq_harold
Temple:   minmay_crystal_snake_temple

Skill      XL: |  1  2  3  4  5  6  7  8  9 |
---------------+----------------------------+-----
Air Magic      | 3 4 |  4.6
Dodging        | 2 6 7 |  7.3
Fighting       | 1 6 7 |  7.6
Conjurations   | 2 3 |  3.4
Long Blades    | 1 8 |  8.9
Spellcasting   | 3 |  3.2
Invocations    | 2 4 |  4.8
Stealth        | |  1.9
Unarmed Combat | |  0.1

Action                   |  1- 3 |  4- 6 |  7- 9 || total
-------------------------+-------+-------+-------++-------
Melee: Unarmed           |    13 |       |       ||    13
       Staff             |     4 |    19 |       ||    23
       Scimitar          |       |    53 |   200 ||   253
 Cast: Shock             |    87 |    47 |    12 ||   146
       Static Discharge  |       |     7 |       ||     7
Evoke: Wand              |       |       |     8 ||     8
  Use: Scroll            |       |     6 |     5 ||    11
       Potion            |       |     1 |     3 ||     4
 Stab: Sleeping          |       |     1 |     1 ||     2
Armor: Robe              |     7 |    30 |       ||    37
       Ring mail         |       |     7 |       ||     7
       Leather armour    |       |    19 |    90 ||   109
       Skin              |       |       |     1 ||     1
Dodge: Dodged            |    34 |    67 |   145 ||   246
       Rpst.: Scimitar   |       |     9 |    42 ||    51
